 Dungeon Crawl Stone Soup version 0.26-a0-651-gb41185065b (webtiles) character file.

Game seed: 8618876503002847568

213 tilp the Sneak (level 5, -6/24 HPs)
             Began as a Spriggan Enchanter on Oct 23, 2020.
             Mangled by an elf zombie (7 damage)
             ... in an ossuary.
             The game lasted 00:05:37 (2351 turns).

tilp the Sneak (Spriggan Enchanter)                 Turns: 2351, Time: 00:05:37

Health: -6/24      AC:  3    Str:  4    XL:     5   Next: 59%
Magic:  10/10      EV: 18    Int: 17    God:
Gold:   57         SH:  0    Dex: 17    Spells: 3/9 levels left

rFire    . . .     SeeInvis +   a - +4 dagger
rCold    . . .     Faith    .   (shield restricted)
rNeg     . . .     Spirit   .   b - +0 robe
rPois    .         Reflect  .   (helmet restricted)
rElec    .         Harm     .   k - +0 cloak
rCorr    .         Rampage  .   (gloves unavailable)
MR       .....                  (boots unavailable)
Stlth    ++++......             (no amulet)
HPRegen  0.08/turn              (no ring)
MPRegen  0.12/turn              (no ring)

@: very quick
A: very small, unfitting armour, see invisible, speed 3
a: no special abilities


You were in an ossuary.
You visited 1 branch of the dungeon, and saw 3 of its levels.
You also visited: Ossuary.

You collected 57 gold pieces.

Inventory:

Hand Weapons
 a - a +4 dagger (weapon)
 e - a +0 rapier
 g - a +1 dagger
Missiles
 d - 19 poisoned darts (quivered)
 i - 23 stones
Armour
 b - a +0 robe (worn)
 k - a +0 cloak (worn)
Scrolls
 c - 2 scrolls of enchant weapon {unknown}
 f - 3 scrolls of identify {unknown}
 h - 2 scrolls of teleportation {unknown}
 j - a scroll of noise {unknown}
Potions
 l - a potion of flight


   Skills:
 + Level 4.3 Short Blades
 - Level 3.0 Dodging
 + Level 7.6 Stealth
 - Level 2.6 Spellcasting
 - Level 3.6 Hexes


You had 3 spell levels left.
You knew the following spells:

 Your Spells              Type           Power        Failure   Level
a - Corona                Hex            ##.....      4%          1
b - Ensorcelled Hibernat  Hex/Ice        #.....       13%         2
c - Dazzling Flash        Conj/Hex       #.....       26%         3

Your spell library contained the following spells:

 Spells                   Type           Power        Failure   Level
 Confusing Touch          Hex            ##......     12%         3
 Tukima's Dance           Hex            ##......     12%         3


Dungeon Overview and Level Annotations

Branches:
Dungeon (2/15)            Ossuary (1/1)

Altars:
Okawaru
Zin

Shops:
D:2 *


Innate Abilities, Weirdness & Mutations

You are very small and have problems with some larger weapons.
You are too small for most types of armour.
You have supernaturally acute eyesight. (SInv)
You cover ground extremely quickly.


Message History

The elf zombie is lightly damaged.
Okay, then.
You hit the elf zombie.
The elf zombie is lightly damaged.
The elf zombie hits you.
* * * LOW HITPOINT WARNING * * *
You closely miss the elf zombie.
The elf zombie is lightly damaged.
The elf zombie misses you.
You hit the elf zombie.
The elf zombie is moderately damaged.
You closely miss the elf zombie.
The elf zombie is moderately damaged.
The elf zombie closely misses you.
You barely miss the elf zombie.
The elf zombie is moderately damaged.
You hit the elf zombie.
The elf zombie is moderately damaged.
The elf zombie hits you!
You die...

#...#.####^Z####.#...#
#...#............#...#
#...#.####.......#.Z.#
#..Z# #.......#...#
#...# #.......#...#
#...######.∩.....#..Z#
#..Z#........+####...#
#...#.####...# #...#
#...#..Z@#...# #...#
#...##############...#
#............Z.......#
#.........∩∩.........#
######################


You could see an elf zombie.

Vanquished Creatures
  An elf zombie (Ossuary)
  A centaur zombie (Ossuary)
  A big kobold zombie (Ossuary)
  A mummy (D:4)
  A gnoll (D:1)
  3 adders
  An ooze (D:1)
  A worm (D:2)
  A dart slug (D:2)
  4 goblins
  4 hobgoblins
  2 jackals (D:1)
  4 bats
  A frilled lizard (D:1)
  10 hobgoblin zombies (Ossuary)
  A jackal zombie (Ossuary)
  4 kobolds
  6 kobold zombies (Ossuary)
  7 orc zombies (Ossuary)
  3 rats
  A rat zombie (Ossuary)
58 creatures vanquished.

Notes
Turn   | Place    | Note
-------+----------+-------------------------------------------
     0 | D:1      | tilp the Spriggan Enchanter began the quest for the Orb.
     0 | D:1      | Reached XP level 1. HP: 9/9 MP: 5/5
   220 | D:1      | Reached XP level 2. HP: 13/13 MP: 6/6
   224 | D:1      | Learned a level 2 spell: Ensorcelled Hibernation
   267 | D:1      | Reached skill level 5 in Stealth
  1200 | D:2      | Reached XP level 3. HP: 16/16 MP: 5/8
  1208 | D:2      | Learned a level 3 spell: Dazzling Flash
  1271 | D:2      | Found an iron altar of Okawaru.
  1323 | D:2      | Found a glowing silver altar of Zin.
  1324 | D:2      | Found Zin's Purification Station.
  1536 | D:2      | Reached skill level 6 in Stealth
  1744 | D:2      | You fall into a shaft and drop 2 floors!
  1748 | D:4      | Reached XP level 4. HP: 21/21 MP: 9/9
  1751 | D:4      | Found a sand-covered staircase.
  1775 | Ossuary  | Entered an ossuary
  2131 | Ossuary  | Reached skill level 7 in Stealth
  2135 | Ossuary  | HP: 1/21 [elf zombie (3)]
  2170 | Ossuary  | Reached XP level 5. HP: 8/24 MP: 10/10
  2341 | Ossuary  | HP: 1/24 [elf zombie (5)]
  2346 | Ossuary  | HP: 1/24 [elf zombie (1)]
  2351 | Ossuary  | Mangled by an elf zombie

Illustrated notes

Levels and vault maps discovered:
D:1:      dpeg_arrival_radiant, layout_basic
D:2:      layout_loops_ring, zin_purify, okawaru_ov_weapons_minmay
D:4:      layout_basic, gammafunk_temple_overflow_claw,
          lemuel_temple_firewalk_a, gup_ossuary_entry_pyramid, uniq_eustachio,
          uniq_ijyb, uniq_robin
Ossuary:  ossuary_tomb_1

Skill      XL: |  1  2  3  4 |
---------------+-------------+-----
Stealth        | 5 6 7 |  7.6
Short Blades   | 2 3 4 |  4.3
Dodging        | |  3.0
Spellcasting   | |  2.6
Hexes          | |  3.6

Action                   |  1- 3 |  4- 6 || total
-------------------------+-------+-------++-------
Melee: Dagger            |    64 |   173 ||   237
Throw: Dart              |       |     2 ||     2
 Cast: Corona            |     2 |       ||     2
       Ensorcelled Hiber |    15 |       ||    15
  Use: Potion            |       |     2 ||     2
 Stab: Sleeping          |    19 |     2 ||    21
Armor: Robe              |     6 |    12 ||    18
Dodge: Dodged            |    47 |   105 ||   152

Table legend: (Time is in decaauts)
 A = Elapsed time spent in this place.
 B = Non-inter-level travel time spent in this place.
 C = Inter-level travel time spent in this place.
 D = Time resting spent in this place.
 E = Time spent auto-exploring this place.
 F = Levels seen in this place.
 G = Mean time per level.
                   A        B        C        D        E       F      G
               +--------+--------+--------+--------+--------+-----+--------+
         Total |   1781 |   1747 |     34 |    425 |    773 |   4 |  445.2 |
       Dungeon |   1360 |   1326 |     34 |    355 |    738 |   3 |  453.3 |
       Ossuary |    421 |    421 |      0 |     70 |     34 |   1 |  421.0 |
               +--------+--------+--------+--------+--------+-----+--------+

Top non-repeatable levels by time:
     D:1: 941 daAuts
 Ossuary: 421 daAuts
     D:2: 394 daAuts
     D:4: 23 daAuts
